 Dungeon Crawl Stone Soup version 0.30-a0-620-g0e44632947 (webtiles) character file.

Game seed: 13849122734812563870

61 Conn the Firebug (level 4, -7/27 HPs)
             Began as an Octopode Fire Elementalist on Jan 10, 2023.
             Killed from afar by Sigmund (15 damage)
             ... with a puff of flame
             ... on level 2 of the Dungeon.
             The game lasted 00:02:30 (1115 turns).

Conn the Firebug (Octopode Fire Elementalist)       Turns: 1115, Time: 00:02:31

Health: -7/27      AC:  1    Str:  4 (7)  XL:     4   Next: 7%
Magic:  6/6        EV: 13    Int: 15 (17) God:
Gold:   53         SH:  0    Dex: 10 (12) Spells: 6/7 levels left

rFire   . . .      SeeInvis .    e - +3 spear
rCold   . . .      Faith    .    (no shield)
rNeg    . . .      Spirit   .    (helmet restricted)
rPois   .          Reflect  .    (no amulet)
rElec   .          Harm     .    (no ring)
rCorr   .          Rampage  .    (no ring)
Will    .....                    (no ring)
Stlth   ++                       (no ring)
HPRegen 0.24/turn                (no ring)
MPRegen 0.10/turn                (no ring)
                                 (no ring)
                                 (no ring)

@: confused, mighty
A: almost no armour, amphibious, 8 rings, camouflage 1, gelatinous body 1,
(nimble swimmer 1), tentacles, dopey 1, low MP 1
a: no special abilities


You were on level 2 of the Dungeon.
You visited 1 branch of the dungeon, and saw 2 of its levels.

You collected 53 gold pieces.

Inventory:

Hand Weapons
 b - a +0 dagger
 e - a +3 spear (weapon)
Scrolls
 c - a scroll of enchant weapon {unknown}
 d - a scroll of teleportation {unknown}
 f - a scroll of enchant armour {unknown}
 g - a scroll of immolation {unknown}
 h - 2 scrolls of fog {unknown}
 j - 2 scrolls of identify {unknown}
 m - a scroll of noise {unknown}
Potions
 a - a potion of magic
 l - a potion of mutation


   Skills:
 + Level 0.1 Fighting
 + Level 0.1 Polearms
 + Level 2.0 Dodging
 + Level 3.2 Stealth
 + Level 2.3 Spellcasting
 + Level 1.7 Conjurations
 + Level 4.0 Fire Magic


You had 6 spell levels left.
You knew the following spells:

 Your Spells              Type           Power      Damage    Failure   Level
a - Foxfire               Conj/Fire      40%        2x1d6     7%          1

Your spell library contained the following spells:

 Spells                   Type           Power      Damage    Failure   Level
 Scorch                   Fire           26%        2d6       6%          2
 Inner Flame              Hex/Fire       7%         N/A       28%         3
 Kindle Blastsparks       Fire/Tloc/Air  10%        2d10      36%         3
 Frozen Ramparts          Ice            2%         1d1       54%         3
 Flame Wave               Conj/Fire      10%        2d6       54%         4
 Ice Form                 Ice/Tmut       1%         N/A       91%         4
 Summon Ice Beast         Ice/Summ       1%         N/A       91%         4


Dungeon Overview and Level Annotations

Branches:
Dungeon (2/15)

Altars:

Annotations:
D:2 Sigmund, Terence


Innate Abilities, Weirdness & Mutations

You cannot wear most types of armour.
You are amphibious.
You can wear up to eight rings at the same time.
Your skin changes colour to match your surroundings (Stealth+).
Your rubbery body absorbs attacks. (AC +1, EV +1)
((You are camouflaged when in or above water. (Stealth+)))
You have tentacles for arms and can constrict up to eight enemies at once.
You are dopey. (Int -2)
Your magical capacity is low. (-10% MP)


Message History

You are confused.
Terence the Incautious comes into view.
He is wielding a +0 hand axe.
Terence shouts!
The rat bites you. Sigmund gestures at you while chanting.
The puff of flame hits you!
You're too confused to move!
The rat completely misses you. Sigmund gestures at you while chanting.
You are more confused.
It was a potion of mutation.
You feel extremely strange.
You feel stupid.
You feel less energetic. The rat bites you.
It was a potion of degeneration.
There was something very wrong with that liquid.
You feel weakened.
You feel dopey.
You feel clumsy. The rat bites you.
Sigmund points at you and mumbles some strange words.
You struggle to resist.
It was a potion of might.
You feel very mighty all of a sudden. The rat bites you.
* * * LOW HITPOINT WARNING * * *
Okay, then.
You are too confused!
Unknown command.
Unknown command.
Unknown command.
Unknown command.
Unknown command.
Unknown command.
Terence attacks as you move away! Terence hits you but does no damage.
The rat closely misses you. Sigmund gestures at you while chanting.
You are more confused.
You puncture the rat!
You kill the rat!
Sigmund gestures at you while chanting. The puff of flame hits you!
Ouch! That really hurt!
You die...
P

♣.####..## ... ♣.
##.# .#.. ## #.###
...# #...###..#
###..##..#
######.##..######
..................
.#♣.♣♣...@....##
♣♣...@....#
♣♣........#
♣♣...@...#
♣...w...#
........#
P♣.......#
........## .
#.....##


You could see Sigmund (empowered), Terence and a worm.

Vanquished Creatures
  2 adders (D:2)
  An ufetubus (D:2)
  2 dart slugs (D:1)
  2 ball pythons (D:2)
  4 bats
  5 giant cockroaches (D:1)
  4 goblins
  2 hobgoblins
  4 kobolds
  2 quokkas
  A frilled lizard (D:1)
  3 rats
32 creatures vanquished.

Vanquished Creatures (others)
  87 foxfires
87 creatures vanquished.

Grand Total: 119 creatures vanquished

Notes
Turn   | Place    | Note
-------+----------+-------------------------------------------
     0 | D:1      | Conn the Octopode Fire Elementalist began the quest for the
                  | Orb.
     0 | D:1      | Reached XP level 1. HP: 11/11 MP: 3/3
   297 | D:1      | Reached XP level 2. HP: 17/17 MP: 0/5
   369 | D:1      | Found a faded altar of an unknown god.
   537 | D:1      | Reached XP level 3. HP: 21/21 MP: 3/6
  1019 | D:2      | Reached skill level 4 in Fire Magic
  1019 | D:2      | Reached XP level 4. HP: 27/27 MP: 1/7
  1107 | D:2      | Noticed Sigmund
  1108 | D:2      | Noticed Terence
  1111 | D:2      | Gained mutation: You are dopey. (Int -2) [potion of
                  | mutation]
  1111 | D:2      | Gained mutation: Your magical capacity is low. (-10% MP)
                  | [potion of mutation]
  1115 | D:2      | Killed from afar by Sigmund

Illustrated notes

Levels and vault maps discovered:
D:1:      mrwooster_arrival_statue, layout_rooms,
          ebering_ecumenical_altar_sacrificial
D:2:      minmay_chambers_of_twos, layout_rooms, basic_altar, serial_forest,
          infiniplex_forest_corner_2, infiniplex_forest_straight_1,
          infiniplex_forest_end_1, infiniplex_forest_zigzag_2,
          minmay_misc_feat_enclosed, hangedman_decor_riveting, uniq_terence,
          uniq_sigmund

Skill      XL: |  1  2  3 |
---------------+----------+-----
Stealth        | 3 |  3.2
Fire Magic     | 4 |  4.0
Fighting       | |  0.1
Polearms       | |  0.1
Dodging        | |  2.0
Spellcasting   | |  2.3
Conjurations   | |  1.7

Action                   |  1- 3 |  4- 6 || total
-------------------------+-------+-------++-------
Melee: Unarmed           |     2 |       ||     2
       Constrict         |     8 |       ||     8
       Spear             |    20 |     1 ||    21
       Tentacles         |     2 |       ||     2
       Punch             |     1 |       ||     1
 Cast: Foxfire           |    47 |       ||    47
  Use: Potion            |       |     3 ||     3
 Stab: Sleeping          |     1 |       ||     1
Armor: Skin              |     4 |     1 ||     5
Dodge: Dodged            |    25 |     2 ||    27

Table legend: (Time is in decaauts)
 A = Elapsed time spent in this place.
 B = Non-inter-level travel time spent in this place.
 C = Inter-level travel time spent in this place.
 D = Time resting spent in this place.
 E = Time spent auto-exploring this place.
 F = Levels seen in this place.
 G = Mean time per level.
                   A        B        C        D        E       F      G
               +--------+--------+--------+--------+--------+-----+--------+
         Total |   1115 |   1113 |      2 |      0 |    866 |   2 |  557.5 |
       Dungeon |   1115 |   1113 |      2 |      0 |    866 |   2 |  557.5 |
               +--------+--------+--------+--------+--------+-----+--------+

Top non-repeatable levels by time:
     D:1: 686 daAuts
     D:2: 429 daAuts
